 Dungeon Crawl Stone Soup version 0.24.0-37-gcf1ca852f1 (webtiles) character file.

Game seed: 3701261065761880350, levelgen mode: deterministic

96 Belissa the Caller (level 4, -2/32 HPs)
             Began as a Mummy Summoner on Dec 8, 2019.
             Slain by an ogre
             ... wielding a +0 giant spiked club
              (15 damage)
             ... on level 3 of the Dungeon.
             The game lasted 01:00:04 (3635 turns).

Belissa the Caller (Mummy Summoner)                 Turns: 3635, Time: 01:00:05

Health: -2/32      AC:  3    Str: 11    XL:     4   Next: 41%
Magic:  4/9        EV: 12    Int: 15    God:
Gold:   141        SH:  0    Dex: 12    Spells: 0/9 levels left

rFire    x . .     SeeInvis +   b - -1 dagger (curse)
rCold    + . .     Gourm    .   (no shield)
rNeg     + + +     Faith    .   a - +1 robe
rPois    ∞         Spirit   .   (no helmet)
rElec    .         Reflect  .   (no cloak)
rCorr    .         Harm     .   (no gloves)
MR       .....                  (no boots)
Stlth    ++........             (no amulet)
HPRegen  0.10/turn              e - ring of see invisible
MPRegen  0.11/turn              (no ring)

@: very slightly contaminated
A: no food or potions, fire vulnerability, cold resistance 1, negative energy
resistance 3, torment resistance, unbreathing
a: no special abilities


You were on level 3 of the Dungeon.
You were not hungry.

You visited 1 branch of the dungeon, and saw 4 of its levels.

You collected 141 gold pieces.

Inventory:

Hand Weapons
 b - a cursed -1 dagger (weapon)
 d - a +2 dagger of draining
Missiles
 c - 15 bolts
Armour
 a - a +1 robe (worn)
 f - a +0 scale mail of fire resistance
 i - a +0 leather armour
Jewellery
 e - a ring of see invisible (left hand)
 h - a +3 ring of protection {unknown}


   Skills:
 + Level 1.2 Fighting
 + Level 1.3 Short Blades
 + Level 2.1 Dodging
 + Level 2.1 Stealth
 + Level 3.3 Spellcasting
 + Level 0.3 Hexes
 + Level 3.5 Summonings


You couldn't memorise any spells.
You knew the following spells:

 Your Spells              Type           Power        Failure   Level  Hunger
a - Summon Small Mammal   Summ           ##..         4%          1    N/A
b - Call Imp              Summ           ##......     7%          2    N/A
c - Call Canine Familiar  Summ           ##......     14%         3    N/A
d - Summon Guardian Gole  Hex/Summ       #.......     26%         3    N/A

Your spell library contained the following spells:

 Spells                   Type           Power        Failure   Level  Hunger
 Summon Ice Beast         Ice/Summ       #.......     67%         4    N/A
 Summon Lightning Spire   Summ/Air       #.......     67%         4    N/A

Dungeon Overview and Level Annotations

Branches:
Dungeon (4/15)
 Temple: D:4-7

Altars:
Okawaru

Annotations:
D:4 Grinder


Innate Abilities, Weirdness & Mutations

You do not eat or drink.
Your flesh is vulnerable to fire.
You are immune to poison.
Your flesh is cold resistant. (rC+)
You are immune to negative energy. (rN+++)
You are immune to unholy pain and torment.
You can survive without breathing.


Message History

Unknown command.
Blink to where?
Press: ? - help, Dir - move target cursor
As you read the scroll of blinking, it crumbles to dust.
A ball python comes into view.
The worker ant waves its antennae.
The ball python hisses angrily.
The worker ant twitches its antennae in your direction.
Blink to where?
Press: ? - help, Dir - move target cursor
As you read the scroll of blinking, it crumbles to dust.
The ogre misses you.
There is a stone staircase leading up here.
You climb upwards.
Your summoned ally is left behind.
There is a stone staircase leading down here.
The ogre closely misses you.
You see here a stone.
You see here a stone.
The ogre hits you with a +0 giant spiked club!
You die...

######## #####(.....#
#..........# #...%(..O..#
#.......@..# #..........#
#..(.(.#####
#.###+######### ######
#.# #.##......# #....#
#.###.##......#####....##
#>.....+......'...'...['.
#.###.##......#####....##
#......'.....='..........


You could see an ogre.

Vanquished Creatures
  A crimson imp (D:3)
  An adder (D:3)
  2 hobgoblins (D:2)
  4 kobolds
  5 bats
  2 frilled lizards
  3 goblins
  3 rats
21 creatures vanquished.

Vanquished Creatures (collateral kills)
  4 adders
  2 worms (D:2)
  3 dart slugs
  2 orcs (D:3)
  3 ball pythons
  4 bats
  2 giant cockroaches (D:1)
  3 goblins
  3 hobgoblins (D:1)
  A jackal (D:3)
  2 quokkas (D:2)
  A frilled lizard (D:1)
  6 kobolds
  5 rats
41 creatures vanquished.

Grand Total: 62 creatures vanquished

Notes
Turn   | Place    | Note
-------+----------+-------------------------------------------
     0 | D:1      | Belissa the Mummy Summoner began the quest for the Orb.
     0 | D:1      | Reached XP level 1. HP: 13/13 MP: 4/4
   719 | D:1      | Reached XP level 2. HP: 19/19 MP: 3/5
   723 | D:1      | Learned a level 2 spell: Call Imp
  1858 | D:2      | Reached XP level 3. HP: 25/25 MP: 3/7
  1863 | D:2      | Learned a level 3 spell: Call Canine Familiar
  2194 | D:2      | Reached skill level 1 in Short Blades
  2650 | D:3      | Reached skill level 1 in Fighting
  2685 | D:3      | Reached XP level 4. HP: 29/32 MP: 8/8
  2808 | D:3      | Learned a level 3 spell: Summon Guardian Golem
  3300 | D:4      | Noticed an ogre
  3338 | D:4      | Noticed Grinder
  3600 | D:4      | Found an iron altar of Okawaru.
  3635 | D:3      | Slain by an ogre

Levels and vault maps discovered:
D:1:      dpeg_arrival_chambers_temple_mockup, layout_basic,
          grunt_decor_arrowhead
D:2:      layout_loops_ring
D:3:      layout_basic, first_ration
D:4:      layout_basic, lemuel_coloured_pillars_altar, gammafunk_ghost_smash,
          minmay_a_box_with_orc_wizards_in_it, uniq_grinder

Skill      XL: |  1  2  3 |
---------------+----------+-----
Spellcasting   | 3 |  3.3
Short Blades   | 1 |  1.3
Dodging        | 2 |  2.1
Stealth        | 2 |  2.1
Fighting       | 1 |  1.2
Hexes          | |  0.3
Summonings     | |  3.5

Action                   |  1- 3 |  4- 6 || total
-------------------------+-------+-------++-------
Melee: Dagger            |    69 |    47 ||   116
 Cast: Summon Small Mamm |    29 |     5 ||    34
       Call Imp          |    20 |     8 ||    28
       Call Canine Famil |     7 |     7 ||    14
  Use: Scroll            |     8 |     8 ||    16
 Stab: Sleeping          |     2 |     1 ||     3
       Distracted        |     1 |       ||     1
Armor: Robe              |    16 |    16 ||    32
Dodge: Dodged            |    60 |    52 ||   112
